AoeStats
← omerfarukyilmazpdr

Arabia

506069940Analyzed
1v1 RM · 21d ago on Sep 12, 2026· 58m 31s· 2 players
Game mode
Random Map
Map size
Tiny (2 player)
Population
200
Speed
Normal
Resources
Standard
Victory
Conquest
Starting age
Dark Age
Ending age
Imperial Age
RankedLock teamsTeams togetherTeam positionsShared explorationLock speedFull tech treeHidden civsTurbo modeCheats
Victory
Defeat
🇭🇺 Franks · Hungary
825
+14
🇹🇷 Byzantines · Türkiye
787
-14
oxo
0:33 Loom
10:47 Feudal Age
11:23 Double-Bit Axe
20:04 Castle Age
18:23 Stone Mining
19:28 Gold Mining
21:11 Bow Saw
22:08 Husbandry
22:12 Squires
27:33 Gold Shaft Mining
28:55 Fervor
35:00 Imperial Age
33:20 Wheelbarrow
32:31 Town Watch
34:02 #83
34:06 Fletching
34:44 Hand Cart
38:08 Chemistry
36:33 Cavalier
37:34 Elite Throwing Axeman
38:45 Town Patrol
40:26 Paladin
40:35 Paladin
43:11 Bodkin Arrow
43:27 Forging
43:23 Scale Barding Armor
43:18 Padded Archer Armor
43:19 Scale Mail Armor
42:43 Pikeman
50:43 Chivalry
58:16 Halberdier
59:37 Hoardings
omerfarukyilmazpdr
10:01 Feudal Age
10:36 Double-Bit Axe
10:35 Horse Collar
13:16 Loom
14:07 Wheelbarrow
21:00 Castle Age
18:40 Man-at-Arms
19:49 Scale Mail Armor
20:00 Forging
19:59 Scale Barding Armor
20:03 Stone Mining
22:30 Gold Mining
25:00 Bow Saw
26:50 Husbandry
28:27 Hand Cart
32:07 Heavy Plow
33:06 Chain Barding Armor
36:37 Imperial Age
34:24 Forging
36:33 Iron Casting
37:39 Conscription
39:27 Plate Barding Armor
42:38 Heavy Camel Rider
56:04 Logistica
57:16 Arrowslits
Connection lost

Rejoining the realm…

Still unreachable

The connection could not be restored.

Session expired

The server has moved on; the page needs a fresh start.